 Dungeon Crawl Stone Soup version 0.17.0-28-g6e173f8 (webtiles) character file.

46 dohliylev the Sneak (level 3, -1/18 HPs)
             Began as a Vine Stalker Assassin on Dec 1, 2015.
             Slain by a gnoll
             ... wielding a +0 spear
              (7 damage)
             ... on level 2 of the Dungeon.
             The game lasted 00:02:39 (1050 turns).

dohliylev the Sneak (Vine Stalker Assassin)         Turns: 1050, Time: 00:02:39

Health: -1/18      AC: 11    Str: 13    XL:     3   Next: 66%
Magic:  0/4        EV:  3    Int: 11    God:
Gold:   69         SH:  0    Dex: 16    Spells: 0 memorised, 2 levels left

rFire  . . .     SeeInvis .     a - +2 dagger
rCold  . . .     Clarity  .     p - +0 plate armour (curse)
rNeg   . . .     SustAt   .     (no shield)
rPois  .         Gourm    .     (no helmet)
rElec  .         Spirit   +     d - +0 cloak
rCorr  .         Warding  .     (no gloves)
rMut   .         Stasis   .     (no boots)
MR     .....                    (no amulet)
Stlth  ..........               (no ring)
                                (no ring)

@: not resistant to hostile enchantments, extremely unstealthy
A: fangs 2, regeneration 1, magic shield, antimagic bite, no device heal 3, rot
immunity
a: no special abilities


You were on level 2 of the Dungeon.
You were not hungry.

You visited 1 branch of the dungeon, and saw 2 of its levels.

You collected 69 gold pieces.

Inventory:

Hand Weapons
 a - a +2 dagger (weapon)
 b - a +0 blowgun
Missiles
 e - 21 poisoned needles
 f - 2 curare-tipped needles
Armour
 c - a +0 robe
 d - a +0 cloak (worn)
 p - a cursed +0 plate armour (worn)
Wands
 r - a wand of polymorph (12)
Scrolls
 j - a scroll of enchant armour {unknown}
 l - a scroll of fear {unknown}
 o - a scroll of teleportation {unknown}
 q - a scroll of identify {unknown}
Potions
 h - a potion of heal wounds {unknown}
 i - a potion of agility {unknown}
Comestibles
 g - a bread ration
 k - 5 fruits
 m - a beef jerky
 n - 3 chunks of flesh


   Skills:
 + Level 1.9 Fighting
 + Level 2.1 Short Blades
 + Level 1.9 Throwing
 + Level 0.8 Dodging
 + Level 6.0 Stealth


You had 2 spell levels left.
You didn't know any spells.

Dungeon Overview and Level Annotations

Branches:
Dungeon (2/15)

Altars:
Cheibriados


Innate Abilities, Weirdness & Mutations

You have extremely sharp teeth.
Your natural rate of healing is unusually fast.
When hurt, damage is shared between your health and your magic reserves.
Your bite disrupts and absorbs the magic of your enemies.
Potions and wands cannot restore your health.
You are immune to rotting.


Message History

The gnoll hits you with a spear. The gnoll hits you but does no damage.
You hit the gnoll. You bite the gnoll, but do no damage.
The gnoll is heavily wounded.
The gnoll hits you but does no damage.
The gnoll hits you from afar with a spear.
You hit the gnoll.
The gnoll is severely wounded.
The gnoll hits you but does no damage. The gnoll hits you with a whip.
* * * LOW HITPOINT WARNING * * *
You closely miss the gnoll. Your bite misses the gnoll.
The gnoll is severely wounded.
The gnoll hits you from afar with a spear.
The gnoll hits you but does no damage.
Your plate armour prevents you from hitting the gnoll.
Your bite misses the gnoll.
The gnoll is severely wounded.
The gnoll hits you but does no damage. x2
The gnoll hits you from afar with a spear!
You die...

#..(..........# ###
.###.##.##.#### #.. #. .#
#.......# #.# ... .#
###...### #.# ##.w#. .#
#...# #.##...... .# #...#
#......... .# #...#
###gg.....# .# #...#
##.#gg.......
######...#####.#@#......#.
..............###S......#
.............## #.#......
............## ##..#..#.
#####....#.#.# ##...#
#....#.##.# #... #...<#.#
#.# .. #....#.# #.#
#....#.# ##


You could see a worm (wandering), 4 gnolls and an adder.

Vanquished Creatures
  A gnoll (D:1)
  2 adders (D:2)
  A worm (D:2)
  2 ball pythons (D:1)
  3 goblins (D:1)
  3 hobgoblins (D:1)
  A bat (D:2)
  3 kobolds (D:1)
  6 rats
22 creatures vanquished.

Notes
Turn   | Place    | Note
--------------------------------------------------------------
     0 | D:1      | dohliylev the Vine Stalker Assassin began the quest for the Orb.
     0 | D:1      | Reached XP level 1. HP: 11/11 MP: 2/2
    77 | D:1      | Found a snail-covered altar of Cheibriados.
   112 | D:1      | Reached skill level 5 in Stealth
   125 | D:1      | Reached XP level 2. HP: 15/15 MP: 3/3
   617 | D:1      | Reached XP level 3. HP: 15/18 MP: 4/4
   952 | D:2      | Reached skill level 6 in Stealth
  1050 | D:2      | Slain by a gnoll

Action                   || total
-------------------------++-------
Melee: Dagger            ||    42
 Fire: Blowgun           ||    15
 Stab: Sleeping          ||     9
